 Dungeon Crawl Stone Soup version 0.21-a0-404-g291f19a (webtiles) character file.

767 Monsterracer the Skirmisher (level 7, 0/114 HPs)
             Began as an Ogre Berserker on Oct 29, 2017.
             Was a Priest of Trog.
             Slain by yrara's ghost (22 damage)
             ... on level 4 of the Dungeon.
             The game lasted 00:07:17 (3854 turns).

Monsterracer the Skirmisher (Ogre Berserker)        Turns: 3854, Time: 00:07:18

Health: 0/114      AC:  4    Str: 29    XL:     7   Next: 82%
Magic:  7/7        EV: 14    Int:  8    God:    Trog [***...]
Gold:   175        SH:  5    Dex:  8    Spells: 6/6 levels left

rFire    . . .     SeeInvis .   a - +0 hand axe
rCold    . . .     Gourm    .   (no shield)
rNeg     . . .     Faith    .   r - +1 animal skin
rPois    .         Spirit   .   (helmet restricted)
rElec    .         Reflect  +   (no cloak)
rCorr    .         Harm     .   (gloves unavailable)
MR       .....                  (boots unavailable)
Stlth    ..........             d - +5 amulet of reflection
HPRegen  0.29/turn              f - +3 ring of evasion
MPRegen  0.10/turn              (no ring)

@: berserking (expiring), very quick
A: unfitting armour, tough skin 1
a: Berserk, Trog's Hand, Burn Spellbooks, Renounce Religion


You were on level 4 of the Dungeon.
You worshipped Trog.
Trog was most pleased with you.
You were very hungry.

You visited 1 branch of the dungeon, and saw 4 of its levels.

You collected 175 gold pieces.

Inventory:

Hand Weapons
 a - a +0 hand axe (weapon)
 b - a +3 spear of piercing
Armour
 r - a +1 animal skin (worn)
Jewellery
 d - a +5 amulet of reflection (around neck)
 f - a +3 ring of evasion (left hand)
Scrolls
 e - 3 scrolls of remove curse
 g - a scroll of recharging
 n - a scroll of teleportation
Potions
 h - a potion of lignification
 i - 2 potions of curing
 l - a potion of mutation {!q}
 m - a potion of heal wounds {unknown}
 p - a potion of berserk rage {unknown}
Comestibles
 c - 3 bread rations
 j - a meat ration
 k - a fruit
 o - 2 royal jellies


   Skills:
 + Level 6.7 Fighting
 * Level 6.7 Axes
 + Level 4.6 Dodging


You had 6 spell levels left.
You didn't know any spells.

Dungeon Overview and Level Annotations

Branches:
Dungeon (4/15)
 Temple: D:4-7

Altars:
Trog

Annotations:
D:4 yrara's ghost, amateur GrFi


Innate Abilities, Weirdness & Mutations

You are too large for most types of armour.
You have tough skin. (AC +1)


Message History

The gnoll closely misses you.
You barely miss the gnoll. The gnoll misses you. The gnoll barely misses you.
You slash the gnoll!
The gnoll is heavily wounded.
The gnoll hits you from afar with a spear.
The gnoll barely misses you.
You take 2 damage, and have 55/76 hp.
You hit the gnoll.
The gnoll is almost dead.
The gnoll hits you! The gnoll misses you.
You take 7 damage, and have 48/76 hp.
You barely miss the gnoll.
The gnoll is almost dead.
The gnoll misses you. The gnoll hits you.
You take 4 damage, and have 44/76 hp.
You closely miss the gnoll.
The gnoll is almost dead.
The gnoll misses you. x2
You slash the gnoll!
You kill the gnoll!
Trog accepts your kill. The gnoll misses you. The gnoll misses you.
You block the gnoll's attack.
You hit the gnoll.
The gnoll is lightly wounded.
The gnoll barely misses you. You block the gnoll's attack.
You closely miss the gnoll.
The gnoll is lightly wounded.
You block the gnoll's attack. The gnoll closely misses you.
You hit the gnoll but do no damage.
The gnoll is lightly wounded.
The gnoll hits you from afar with a spear.
The gnoll hits you with a spear.
* * * LOW HITPOINT WARNING * * *
You take 8 damage, and have 37/76 hp.
Unknown command.
You barely miss the gnoll.
The gnoll is lightly wounded.
The gnoll hits you from afar with a spear.
* * * LOW HITPOINT WARNING * * *
The gnoll misses you.
You take 1 damage, and have 36/76 hp.
Unknown command.
You slash the gnoll!
The gnoll is severely wounded.
The gnoll hits you from afar with a spear!
* * * LOW HITPOINT WARNING * * *
The gnoll hits you but does no damage.
You take 9 damage, and have 27/76 hp.
You hit the gnoll but do no damage.
The gnoll is severely wounded.
The gnoll hits you from afar with a spear.
* * * LOW HITPOINT WARNING * * *
You take 1 damage, and have 26/76 hp.
You hit the gnoll.
You kill the gnoll!
Trog accepts your kill. The gnoll misses you. You block the gnoll's attack.
Yrara's ghost says very slowly, "There's no hope."
Things that are here:
a spear; a gnoll corpse Unknown command.
A red film seems to cover your vision as you go berserk!
You feel yourself moving faster!
You feel mighty!
You are feeling very hungry.
The gnoll barely misses you.
All of the chunks of flesh in your inventory have rotted away.
You now have 39/114 hp.
You barely miss the gnoll. You block the gnoll's attack.
You slash the gnoll!
The gnoll is heavily wounded.
You slash the gnoll!
You kill the gnoll!
Trog accepts your kill. Yrara's ghost hits you.
* * * LOW HITPOINT WARNING * * *
Things that are here:
a spear; a gnoll corpse You take 5 damage, and have 35/114 hp.
You slash yrara's ghost!
Yrara's ghost is moderately damaged.
Yrara's ghost misses you.
You barely miss yrara's ghost.
Yrara's ghost is moderately damaged.
You slash yrara's ghost!
Yrara's ghost is heavily damaged.
Yrara's ghost hits you!
* * * LOW HITPOINT WARNING * * *
You hit yrara's ghost but do no damage.
Yrara's ghost is heavily damaged.
Yrara's ghost hits you.
* * * LOW HITPOINT WARNING * * *
You take 14 damage, and have 22/114 hp.
You barely miss yrara's ghost.
Yrara's ghost is heavily damaged.
You hit yrara's ghost but do no damage.
Yrara's ghost is heavily damaged.
Yrara's ghost hits you!!
You die...

### #.. #.#
#.# ##### #.#
#....######.#
#...W@).....#
##.########.#
.# §§§#. #.#
#... §§§#
#.## #... §§§
#..# ###....
§§ ##.#
#...... § #.#
#.#.##.
#.###.#....
#........##


You could see yrara's ghost.

Vanquished Creatures
  Grinder (D:3)
  The ghost of newuser the Quickloader, an amateur KoHu (D:3)
  An ogre (D:4)
  2 worker ants (D:4)
  A hound skeleton (D:4)
  Robin (D:4)
  11 gnolls
  5 adders
  A worm (D:4)
  A dart slug (D:1)
  2 leopard geckos (D:3)
  11 orcs
  2 giant cockroaches
  14 goblins
  6 hobgoblins
  5 jackals
  3 kobolds
  A quokka (D:2)
  3 ball pythons
  12 bats
  2 frilled lizards
  6 rats
92 creatures vanquished.

Vanquished Creatures (others)
  A wizard (D:3)
1 creature vanquished.

Grand Total: 93 creatures vanquished

Notes
Turn   | Place    | Note
-------+----------+-------------------------------------------
     0 | D:1      | Monsterracer the Ogre Berserker began the quest for the Orb.
     0 | D:1      | Reached XP level 1. HP: 24/24 MP: 1/1
   107 | D:1      | Reached XP level 2. HP: 28/32 MP: 2/2
   219 | D:1      | HP: 24/48 [jackal (1)]
   244 | D:1      | HP: 16/32 [goblin (2)]
   533 | D:1      | Reached XP level 3. HP: 39/40 MP: 3/3
   827 | D:2      | Reached ** piety under Trog
  1201 | D:2      | HP: 20/40 [poisoned by an adder]
  1206 | D:2      | HP: 10/60 [kobold/mace (6)]
  1559 | D:2      | Reached XP level 4. HP: 49/49 MP: 4/4
  1708 | D:3      | Noticed newuser's ghost (amateur KoHu)
  1719 | D:3      | Killed newuser's ghost
  1719 | D:3      | Reached skill level 5 in Fighting
  1719 | D:3      | Reached skill level 5 in Axes
  1719 | D:3      | Reached XP level 5. HP: 57/57 MP: 5/5
  1866 | D:3      | Reached XP level 6. HP: 62/66 MP: 6/6
  1929 | D:3      | Noticed Grinder
  1948 | D:3      | Killed Grinder
  1948 | D:3      | Reached XP level 7. HP: 60/75 MP: 7/7
  2201 | D:3      | Found a bloodstained altar of Trog.
  2202 | D:3      | Noticed a wizard
  2207 | D:3      | Killed a wizard
  2979 | D:4      | Noticed Robin
  2995 | D:4      | HP: 38/76 [goblin/club[Robin] (3)]
  2996 | D:4      | Reached *** piety under Trog
  3001 | D:4      | HP: 15/76 [goblin[Robin] (6)]
  3006 | D:4      | HP: 14/76 [goblin[Robin] (2)]
  3028 | D:4      | HP: 17/76 [goblin[Robin] (2)]
  3308 | D:4      | Killed Robin
  3824 | D:4      | Noticed yrara's ghost (amateur GrFi)
  3838 | D:4      | HP: 37/76 [gnoll/spear (5)]
  3848 | D:4      | HP: 35/114 [yrara's ghost (5)]
  3854 | D:4      | Slain by yrara's ghost

Vault maps used:
D:1:      dpeg_arrival_concentric_ovals
D:2:      first_bread, minmay_statues_item
D:3:      trog_wizard, uniq_grinder
D:4:      nicolae_qazlal_eye_of_the_storm, uniq_robin

Skill      XL: |  1  2  3  4  5  6  7 |
---------------+----------------------+-----
Dodging        | 3 4 |  4.6
Axes           | 4 5 6 |  6.7
Fighting       | 5 6 |  6.7

Action                   |  1- 3 |  4- 6 |  7- 9 || total
-------------------------+-------+-------+-------++-------
Melee: Hand axe          |   118 |    39 |   150 ||   307
Invok: Berserk           |     2 |     2 |     5 ||     9
  Use: Scroll            |       |       |     9 ||     9
  Eat: Chunk             |     4 |     1 |    11 ||    16
Armor: Animal skin       |    37 |     4 |    14 ||    55
Dodge: Dodged            |    61 |    13 |    90 ||   164
Block: Other             |    38 |     4 |    36 ||    78
       Reflection        |     1 |       |       ||     1

Table legend:
 A = Spawn XP
 B = Non-spawn XP
 C = Spawn XP percentage of total XP
 D = Spawn monster count
 E = Non-spawn monster count
 F = Spawn count percentage of total count
 G = Total turns spent on level
                    A         B        C        D         E        F      G
               +---------+---------+-------+---------+---------+-------+---------
         Total |       0 |    1096 |   0.0 |       0 |      92 |   0.0 |  3854
               +---------+---------+-------+---------+---------+-------+---------
           D:1 |       0 |      43 |   0.0 |       0 |      28 |   0.0 |   817
           D:2 |       0 |      39 |   0.0 |       0 |      11 |   0.0 |   796
           D:3 |       0 |     630 |   0.0 |       0 |      25 |   0.0 |  1329
           D:4 |       0 |     384 |   0.0 |       0 |      28 |   0.0 |   912
               +---------+---------+-------+---------+---------+-------+---------

Vault maps used:
D:1:      dpeg_arrival_concentric_ovals
D:2:      first_bread, minmay_statues_item
D:3:      trog_wizard, uniq_grinder
D:4:      nicolae_qazlal_eye_of_the_storm, uniq_robin
